 Dungeon Crawl Stone Soup version 0.18.1-2-ga659475 (webtiles) character file.

1836139 inmateoo the Maledictor (level 25, 207/216 HPs)
             Began as a Vampire Enchanter on May 8, 2016.
             Was the Champion of Ru.
             Escaped with the Orb
             ... and 3 runes!
             The game lasted 03:23:21 (57217 turns).

inmateoo the Maledictor (Vampire Enchanter)        Turns: 57217, Time: 03:23:22

Health: 207/216    AC: 25    Str: 16    XL:     25
Magic:  30/51      EV: 39    Int: 24    God:    Ru [******]
Gold:   3573       SH: 10    Dex: 28    Spells: 15 memorised, 10 levels left

rFire  + . .     SeeInvis +     V - +9 demon blade (elec)
rCold  + + .     Gourm    .     s - +8 faerie dragon armour {Str+4}
rNeg   + + +     Faith    .     m - +3 buckler
rPois  +         Spirit   .     (helmet restricted)
rElec  +         Dismiss  .     G - +2 cloak of Failure {MP+9}
rCorr  .         Reflect  .     c - +2 pair of gloves {Str+3}
SustAt .         Harm     .     o - +2 pair of boots of the Assassin {DetectMon Stab+ Stlth++}
MR     +++++     Clarity  +     l - amulet of Vitality {Regen+ HP+15}
Stlth  +++++.....               T - ring of protection from fire
                                v - ring "Juhar" {rElec MR+++ Str-5 Int-3 Stlth+}

@: mighty, brilliant, agile, shrouded, singing, very slightly contaminated,
regenerating slowly, hasted, deflect missiles, drained, invisible, very quick,
almost entirely resistant to hostile enchantments, quite stealthy
A: fangs 3, horns 1, repulsion field 1, rough black scales 1, rugged brown
scales 1, see invisible, agile 1, berserk 1, blink, clarity, clever 2, deformed
body, low mp 1, screaming 1, weak 1, unbreathing, evolution 1, no device heal 1,
subdued magic 1, inability to use devices, hated by all, inability to train
armour, MP-powered wands, inexperienced 1, sturdy frame 1
a: Bat Form, Blink, Draw Out Power, Power Leap, Apocalypse, Renounce Religion,
Stop Singing
0: Orb of Zot
}: 3/15 runes: decaying, silver, gossamer


You escaped.
You worshipped Ru.
Ru was exalted by your worship.
You were near bloodless.

You visited 9 branches of the dungeon, and saw 51 of its levels.
You visited 1 bazaar.
You also visited: Labyrinth, Sewer and Ice Cave.

You collected 6562 gold pieces.
You spent 2989 gold pieces at shops.

Inventory:

Hand Weapons
 E - the +5 dagger "Lepeomef" {vamp, Int+7}
   (You bought it in a shop on level 4 of the Vaults)

   It inflicts no extra harm, but heals its wielder somewhat when it strikes a
   living foe.
   It affects your intelligence (+7).
 R - the +7 short sword of Destruction {pierce, rF++ MP+9 Int+2 Dex-5}
   (You found it in a labyrinth)

   It inflicts extra damage upon your enemies.
   It affects your intelligence (+2).
   It affects your dexterity (-5).
   It greatly protects you from fire.
   It affects your magic capacity (+9).
 V - a +9 demon blade of electrocution (weapon)
Missiles
 h - 6 throwing nets (quivered)
Armour
 c - a +2 pair of gloves of strength (worn)
 m - a +3 buckler (worn)
 o - the +2 pair of boots of the Assassin (worn) {DetectMon Stab+ Stlth++}
   (You bought it in a shop in a bazaar)

   It makes you much more stealthy.
 s - the +8 faerie dragon armour (worn) {Str+4}
   (You took it off the Enchantress on level 2 of the Depths)

   It affects your strength (+4).
 A - a +0 helmet of intelligence
 G - the +2 cloak of Failure (worn) {MP+9}
   (You bought it in a shop in a bazaar)

   It affects your magic capacity (+9).
Jewellery
 l - the amulet of Vitality (around neck) {Regen+ HP+15}
   (You found it on level 3 of the Elven Halls)

   [amulet of regeneration]

   It affects your health (+15).
   It increases your rate of regeneration.
 n - the ring of Tetraeh {*Tele rF++ rC++ Str-2}
   (You found it on level 3 of the Swamp)

   [ring of teleportation]

   It may teleport you next to monsters.
   It affects your strength (-2).
   It greatly protects you from fire.
   It greatly protects you from cold.
 q - an uncursed ring of protection from cold
 u - the ring of Robustness {AC+8}
   (You found it on level 5 of the Vaults)

   [ring of protection]

   It affects your AC (+8).
 v - the ring "Juhar" (left hand) {rElec MR+++ Str-5 Int-3 Stlth+}
   (You found it on level 8 of the Dungeon)

   [ring of stealth]

   It affects your strength (-5).
   It affects your intelligence (-3).
   It insulates you from electricity.
   It affects your resistance to hostile enchantments.
   It makes you more stealthy.
 C - an uncursed ring of wizardry
 M - an uncursed ring of sustain attributes
 T - a ring of protection from fire (right hand)
Scrolls
 a - 18 scrolls of remove curse
 f - 9 scrolls of amnesia
 g - 10 scrolls of teleportation
 r - a scroll of silence
 t - a scroll of blinking
 y - 25 scrolls of identify
 z - 4 scrolls of enchant armour
 H - 2 scrolls of brand weapon
 I - 3 scrolls of vulnerability
 K - 7 scrolls of fear
 O - 2 scrolls of fog
Potions
 b - 2 potions of ambrosia
 e - 8 potions of flight
 i - 3 potions of resistance
 j - a potion of cancellation
 p - 3 potions of agility
 w - 7 potions of cure mutation
 x - 9 potions of brilliance
 B - 2 potions of magic
 F - 2 potions of might
 L - 6 potions of curing


   Skills:
 + Level 15.7(15.4) Fighting
 - Level 13.9(17.3) Short Blades
 * Level 16.7(17.9) Long Blades
 - Level 5.1(4.9) Throwing
 + Level 18.6(18.3) Dodging
 - Level 22.0(21.6) Stealth
 - Level 5.2(5.0) Shields
 * Level 20.0(19.7) Spellcasting
 - Level 24.1(23.7) Hexes
 + Level 13.7(13.4) Charms
 - Level 4.1(3.9) Necromancy
 - Level 5.8(5.6) Translocations
 + Level 10.8(10.5) Air Magic


You had 10 spell levels left.
You knew the following spells:

 Your Spells              Type           Power        Failure   Level  Hunger
a - Deflect Missiles      Chrm/Air       ######....   1%          6    ###....
b - Ensorcelled Hibernat  Hex/Ice        ######       0%          2    None
c - Confuse               Hex            #######.     0%          3    None
d - Dazzling Spray        Conj/Hex       ######..     1%          3    None
e - Repel Missiles        Chrm/Air       ######       0%          2    None
f - Fulminant Prism       Conj/Hex       ######....   1%          4    None
g - Invisibility          Hex            #######.     1%          6    ###....
h - Passage of Golubria   Tloc           N/A          1%          4    None
i - Regeneration          Chrm/Necr      ######....   1%          3    None
j - Apportation           Tloc           ######....   1%          1    None
k - Passwall              Trmt/Erth      ####......   1%          2    None
l - Discord               Hex            #######...   1%          8    ######.
m - Haste                 Chrm           ######..     1%          6    ###....
n - Shroud of Golubria    Chrm/Tloc      ######....   1%          2    None
o - Song of Slaying       Chrm           ######..     0%          2    None


Dungeon Overview and Level Annotations

Branches:
Dungeon (15/15)            Temple (0/1) D:6            Lair (8/8) D:10
  Swamp (4/4) Lair:3       Spider (4/4) Lair:5        Slime (0/6) Lair:6
    Orc (2/2) D:11            Elf (3/3) Orc:2        Vaults (5/5) D:14
  Crypt (0/3) Vaults:2     Depths (5/5) D:15            Zot (5/5) Depths:5

Altars:
Ashenzari
Cheibriados
Dithmenos
Elyvilon
Fedhas
Gozag
Kikubaaqudgha
Makhleb
Nemelex Xobeh
Okawaru
Pakellas
Ru
Sif Muna
Vehumet
Xom
Yredelemnul
The Shining One
Jiyva

Shops:
D:5 *   D:7 :   Orc:2 %(}(   Elf:3 *   Vaults:4 [[(%

Portals:
Hell: Depths:1 Depths:2 Depths:3 Depths:4 Depths:5
Abyss: Depths:1 Depths:2 Depths:3 Depths:4
Pandemonium: Depths:3 Depths:4
Ziggurat: Depths:4

Annotations:
D:3 SkaryMonk's ghost, amateur CeAM
D:12 Azrael
Lair:2 Nergalle
Swamp:3 exclusion: Roxanne, Roxanne
Elf:2 5 runed doors
Zot:5 Charly's ghost, adept DDBe


Innate Abilities, Weirdness & Mutations

You heal slowly.
You have razor-sharp teeth.
You have supernaturally acute eyesight.
You can survive without breathing.
Potions and wands are less effective at restoring your health.
You cannot study or use magical devices.
You are hated by all.
You cannot train Armour skill.
You are somewhat inexperienced (-2 XL).
You have a pair of small horns on your head.
You are surrounded by a mild repulsion field (EV +2).
You are partially covered in rough black scales (AC +4, Dex -1).
You are partially covered in rugged brown scales (AC +1, +3% HP).
You are agile. (Dex +2)
You tend to lose your temper in combat.
You can translocate small distances at will.
You possess an exceptional clarity of mind.
Your mind is very acute. (Int +4)
Armour fits poorly on your strangely shaped body.
Your magical capacity is low (-10% MP).
You occasionally shout uncontrollably at your foes.
You are weak. (Str -2)
You evolve.
Your spells are a little easier to cast, but a little less powerful.
You expend magic power (3 MP) to strengthen your wands.
Your movements are slightly less encumbered by armour (ER -2).


Message History

The giant gecko closely misses itself.
The orange demon misses you.
Unknown command.
Casting: Shroud of Golubria
Confirm with . or Enter, or press ? or * to list all spells.
You start singing a song of slaying.
Casting: Song of Slaying
Confirm with . or Enter, or press ? or * to list all spells.
Okay, then.
Drink which item? (? for menu, Esc to quit)
You feel agile all of a sudden. The giant gecko completely misses you.
You block the orange demon's attack.
Drink which item? (? for menu, Esc to quit)
You feel clever all of a sudden. You block the giant gecko's attack.
The orange demon completely misses you.
Drink which item? (? for menu, Esc to quit)
You feel very mighty all of a sudden. You block the giant gecko's attack.
The orange demon closely misses you.
You hear a snapping sound.
You have escaped!

#########..#...### #§§§#
....#####..##....# #§§§#
###.........#....#####...#####
#######....................#
##...#############......#
#####..###..)........###....#
#....###...###...###...###..####
#...##...####.....####...##....#
#..##..#####...@...#####..####.#
##.##..## ##...l.....##
##..###.# ..##..##
##.....4.....## ##..##.. .##..##
##......#......## ##..##. .#..##
##[.....###......## ##..#. ##.##
##......## ##......## ##.## #..#
##......## ##..(...## #..#
#.####......## ##......####.#
......(....## ##...........


You could see an orange demon and a giant gecko.

Vanquished Creatures
  6 orbs of fire
  The ghost of dvd the Shatterer, a master OgHu of Trog (Vaults:5)
  2 juggernauts
  2 ancient liches (Zot:5)
  Boris (Vaults:2)
  the Lernaean hydra (Swamp:4)
  Norris (Depths:2)
  Saint Roka (Depths:5)
  A caustic shrike (Depths:4)
  A Killer Klown (Zot:5)
  6 golden dragons
  A profane servitor (Depths:1)
  the Enchantress (Depths:2)
  2 bone dragons (Depths:5)
  3 electric golems
  An Ice Fiend (IceCv)
  11 tentacled monstrosities
  8 Orb Guardians (Zot:5)
  The ghost of jacquesderrida the Cruncher, an adept DsSk of Makhleb (Elf:3)
  2 titans (Vaults:5)
  6 liches
  2 deep elf master archers (Elf:3)
  A quicksilver dragon (Vaults:5)
  10 death cobs
  Frances (Swamp:1)
  An ancient champion (Vaults:2)
  5 tengu reavers
  Agnes (D:15)
  4 sphinxes
  Kirke (D:12)
  15 storm dragons
  A thorn hunter (Swamp:4)
  4 draconian monks
  6 shadow dragons
  17 vault wardens
  10 frost giants
  5 iron dragons
  6 fire giants
  3 ghost moths
  5 emperor scorpions (Spider:4)
  4 draconian knights
  6 deep elf sorcerers
  4 draconian zealots
  3 deep elf elementalists (Elf:3)
  A balrug (Depths:3)
  5 draconian scorchers
  2 draconian shifters
  Louise (Swamp:3)
  A juggernaut zombie (Depths:2)
  6 spriggan defenders
  18 stone giants
  23 very ugly things
  Aizul (Swamp:1)
  A war gargoyle (Vaults:5)
  7 draconian annihilators
  The ghost of Ijustatesigmund the Severer, a journeyman MiFi of Cheibriados (IceCv)
  24 ironheart preservers
  2 vampire knights
  Nessos (D:12)
  A salamander stormcaller (Vaults:5)
  6 deep elf demonologists
  5 green draconians
  A yellow draconian (Zot:4)
  8 deep elf annihilators (Elf:3)
  5 black draconians
  6 mottled draconians
  6 white draconians
  9 red draconians
  The ghost of Zebura the Grand Gadgeteer, a journeyman CeAr of Pakellas (Elf:1)
  3 purple draconians
  2 pearl dragon zombies (Depths:1)
  A blizzard demon (Zot:4)
  A quicksilver dragon zombie (Depths:2)
  7 ettins
  Snorg (Lair:4)
  A merfolk impaler (Depths:5)
  A minotaur (Lab)
  16 vault guards
  2 crystal guardians
  6 deep elf death magi
  4 deep elf high priests (Elf:3)
  11 fire dragons
  Harold (Lair:4)
  7 great orbs of eyes
  18 ice dragons
  3 jiangshi (Depths:3)
  14 yaktaur captains
  12 entropy weavers
  25 hydras
  7 spriggan air magi
  6 rakshasas
  A catoblepas (shapeshifter) (Vaults:5)
  3 ghost crabs
  5 death knights
  17 dancing weapons
  8 deep troll shamans
  11 centaur warriors
  17 ogre magi
  A small abomination (Elf:3)
  9 alligators
  9 deep troll earth magi
  3 tengu warriors
  9 death yaks
  4 vampire magi
  3 hell hogs (Depths:1)
  3 orc high priests (Orc:2)
  A queen ant (Lair:6)
  13 deep elf knights
  6 spriggan berserkers
  2 fire crabs (Vaults:2)
  2 iron trolls (Depths:2)
  6 skeletal warriors
  A shadow wraith (Vaults:3)
  10 hell knights
  2 unseen horrors
  3 flayed ghosts
  20 deep trolls
  19 deep elf archers
  22 ironbrand convokers
  A tengu zombie (Vaults:4)
  2 shambling mangroves
  4 giant orange brains
  10 swamp dragons
  4 lindwurms (Lair:4)
  An anubis guard (shapeshifter) (Depths:3)
  17 orc knights
  3 harpies (Vaults:4)
  9 hill giants
  3 phantasmal warriors
  20 orb spiders
  10 necromancers
  29 wolf spiders
  A stone giant zombie (Vaults:4)
  8 orc sorcerers
  25 ugly things
  4 hornets
  A hornet (shapeshifter) (Depths:4)
  2 manticores
  A salamander (D:15)
  5 cyclopes
  3 griffons
  19 moths of wrath
  4 apis skeletons (Depths:1)
  17 elephants
  59 deep elf magi
  A guardian serpent (shapeshifter) (Vaults:3)
  Maurice (D:12)
  13 vault sentinels
  7 black mambas
  A water nymph (shapeshifter) (Vaults:5)
  18 spiny frogs
  2 torpor snails
  A gargoyle (D:14)
  A hellion (D:3)
  A yaktaur (shapeshifter) (D:15)
  A rime drake (Lair:7)
  13 freezing wraiths
  5 komodo dragons
  31 yaktaurs
  3 kobold demonologists
  3 anaconda simulacra (IceCv)
  15 demonic crawlers
  2 golden dragon simulacra
  A hellwing (Depths:3)
  12 ice devils (IceCv)
  4 tengu conjurers
  2 queen bees (shapeshifter)
  A queen bee (D:14)
  31 jumping spiders
  A polar bear (Lair:7)
  9 trolls
  5 boulder beetles
  5 blink frogs (Lair:8)
  A two-headed ogre (shapeshifter) (Vaults:1)
  15 bog bodies
  24 two-headed ogres
  9 giant leeches
  A blink frog (shapeshifter) (D:15)
  37 slime creatures
  Prince Ribbit (D:8)
  2 vampires (D:14)
  12 spriggans
  A shadow (D:14)
  39 tarantellas
  4 tarantellas (shapeshifter)
  A centaur simulacrum (D:15)
  81 redbacks
  12 air elementals
  68 yaks
  3 wraiths
  2 hogs (D:12)
  9 water elementals
  A hippogriff (shapeshifter) (Elf:1)
  2 humans (D:12)
  13 hippogriffs
  5 hungry ghosts
  4 basilisks
  5 fire elementals
  A golden eye (shapeshifter) (Vaults:3)
  31 vampire mosquitoes
  17 swamp worms
  A harpy simulacrum (IceCv)
  3 iron troll simulacra (IceCv)
  2 wargs (Vaults:1)
  7 soldier ants
  A hydra simulacrum (IceCv)
  9 insubstantial wisps (Swamp:2)
  A giant eyeball (Depths:4)
  15 water moccasins
  10 porcupines
  4 hell hounds
  37 orc warriors
  12 swamp drakes
  5 phantoms
  Purgy (Sewer)
  4 sky beasts
  16 wasps
  A black bear (D:13)
  6 ice beasts
  2 necrophages
  An ettin simulacrum (IceCv)
  3 eyes of draining
  54 ogres
  7 boggarts
  A tengu (shapeshifter) (Vaults:4)
  The ghost of manyhoops the Slasher, an amateur DsGl (Sewer)
  8 wolves
  17 crocodiles
  11 centaurs
  4 big kobolds
  A human zombie (Vaults:4)
  19 giant frogs
  A gnoll sergeant (D:6)
  A wyvern zombie (D:13)
  5 earth elementals
  A scorpion (D:12)
  19 killer bees
  34 wights
  An orc simulacrum (Vaults:1)
  7 electric eels
  6 howler monkeys (D:9)
  3 vampire bats (D:3)
  11 crimson imps
  3 centaur zombies
  2 giant frog zombies
  A wasp zombie (D:11)
  A quasit (D:8)
  4 hounds
  4 centaur skeletons
  3 giant frog skeletons
  3 jellies
  A gnoll shaman (D:5)
  19 orc priests
  Crazy Yiuf (D:3)
  25 orc wizards
  9 iguanas
  A yak simulacrum (Lair:7)
  19 worker ants
  4 polar bear simulacra (Lair:7)
  3 wolf simulacra (Lair:7)
  12 sheep
  A hound skeleton (D:6)
  A howler monkey zombie (D:7)
  13 gnolls
  A howler monkey skeleton (D:7)
  70 river rats
  9 adders
  A shadow imp (D:10)
  2 oozes (shapeshifter) (Depths:3)
  2 worms
  A dart slug (D:1)
  6 giant geckos
  120 orcs
  3 bats
  2 bat skeletons (D:3)
  4 bat zombies (D:3)
  8 giant cockroaches
  11 goblins
  7 hobgoblins
  8 jackals
  4 quokkas
  2 giant newts
  13 kobolds
  5 rats
  3 river rat simulacra (Lair:7)
  3 crawling corpses (Elf:3)
  A fungus (Depths:1)
2297 creatures vanquished.

Vanquished Creatures (collateral kills)
  A Killer Klown (Zot:4)
  A death cob (Zot:5)
  2 sphinxes
  A tengu reaver (Vaults:5)
  A vault warden (Vaults:5)
  A draconian zealot (Zot:4)
  A very ugly thing (Depths:3)
  A yellow draconian (Zot:4)
  A deep elf demonologist (Vaults:5)
  A purple draconian (Zot:4)
  An ettin (Vaults:5)
  2 yaktaur captains (Vaults:5)
  19 vault guards (Vaults:5)
  4 fire dragons
  A monstrous demonspawn (Zot:5)
  3 hydras (Depths:5)
  An entropy weaver (Depths:5)
  An ogre mage (Depths:3)
  2 deep troll earth magi (Depths:5)
  2 deep troll shamans (Depths:5)
  A shock serpent (shapeshifter) (Depths:3)
  A spriggan berserker (Depths:3)
  4 hell knights (Depths:5)
  4 deep trolls (Depths:5)
  An infernal demonspawn (Zot:5)
  A hill giant (D:10)
  A necromancer (Depths:5)
  9 ugly things
  4 harpies (Depths:5)
  An orc knight (Vaults:5)
  3 griffons (Depths:5)
  A wolf spider (Vaults:5)
  A vault sentinel (Vaults:5)
  A moth of wrath (Zot:4)
  A water nymph (shapeshifter) (Vaults:5)
  3 yaktaurs
  2 jumping spiders
  8 redbacks
  2 spriggans (Depths:3)
  A basilisk (shapeshifter) (Vaults:5)
  2 hell hounds (Depths:5)
  2 orc warriors (Vaults:5)
  2 wasps (Depths:3)
  2 ogres
  A giant frog (shapeshifter) (Depths:3)
  2 wights (D:9)
  An orc priest (Vaults:5)
109 creatures vanquished.

Vanquished Creatures (others)
  A golden dragon (Zot:5)
  A tentacled monstrosity (Zot:5)
  A deep elf master archer (Elf:3)
  A death cob (Zot:4)
  2 draconian monks
  2 deep elf sorcerers (Elf:3)
  A deep elf elementalist (Elf:3)
  A black draconian (Zot:4)
  An ettin (Vaults:5)
  A deep elf death mage (Elf:3)
  An ettin (shapeshifter) (Depths:3)
  An ice dragon (Zot:5)
  A centaur warrior (Vaults:1)
  An ogre mage (Depths:1)
  2 deep troll shamans
  A phantasmal warrior (Vaults:3)
  An ironbrand convoker (Vaults:2)
  A deep elf mage (Elf:3)
  A griffon (Vaults:1)
  An elephant (Lair:7)
  A manticore (shapeshifter) (Vaults:4)
  A vault sentinel (Vaults:1)
  A spiny frog (shapeshifter) (Vaults:5)
  A yaktaur (Vaults:2)
  A jumping spider (Spider:1)
  4 two-headed ogres
  A blink frog (Lair:2)
  A bog body (Swamp:4)
  A spriggan (Depths:5)
  A hog (D:12)
  A vampire mosquito (Swamp:4)
  2 orc warriors (Orc:2)
  2 boggarts (Vaults:1)
  2 ogres
  3 centaurs
  A jelly (D:12)
  2 killer bees (D:13)
  An orc priest (Orc:2)
  2 orcs
  11 fulminant prisms (Depths:3)
  14 fungi
  14 plants
91 creatures vanquished.

Grand Total: 2497 creatures vanquished

Notes
Turn   | Place    | Note
--------------------------------------------------------------
     0 | D:1      | inmateoo the Vampire Enchanter began the quest for the Orb.
     0 | D:1      | Reached XP level 1. HP: 13/13 MP: 3/3
   187 | D:1      | Reached XP level 2. HP: 17/19 MP: 5/5
   201 | D:1      | Learned a level 2 spell: Ensorcelled Hibernation
   561 | D:2      | Found an opulent altar of Gozag.
   583 | D:2      | Found an iron altar of Okawaru.
   620 | D:2      | Found a white marble altar of Elyvilon.
  1038 | D:2      | Reached XP level 3. HP: 24/24 MP: 6/6
  1041 | D:2      | Found a shadowy altar of Dithmenos.
  1102 | D:2      | Reached skill level 5 in Hexes
  1108 | D:2      | Learned a level 3 spell: Confuse
  1238 | D:2      | Reached skill level 5 in Stealth
  1640 | D:3      | Reached XP level 4. HP: 22/31 MP: 7/7
  1855 | D:3      | Found an ancient bone altar of Kikubaaqudgha.
  1894 | D:3      | Reached skill level 1 in Fighting
  1938 | D:3      | Reached XP level 5. HP: 29/37 MP: 8/8
  1975 | D:3      | Reached skill level 6 in Hexes
  2078 | D:3      | Noticed SkaryMonk's ghost (amateur CeAM)
  2301 | D:3      | Found a shimmering altar of Xom.
  2334 | D:3      | Noticed Crazy Yiuf
  2343 | D:3      | Killed Crazy Yiuf
  2458 | D:4      | Reached XP level 6. HP: 44/44 MP: 10/10
  2615 | D:4      | Found a glowing drain.
  2644 | Sewer    | Entered a sewer
  2644 | Sewer    | Noticed manyhoops's ghost (amateur DsGl)
  2657 | Sewer    | Reached skill level 7 in Hexes
  2720 | Sewer    | Killed manyhoops's ghost
  2720 | Sewer    | Reached XP level 7. HP: 31/50 MP: 1/11
  2899 | Sewer    | Noticed Purgy
  2901 | Sewer    | Killed Purgy
  2926 | Sewer    | Learned a level 3 spell: Dazzling Spray
  2940 | Sewer    | Learned a level 3 spell: Tukima's Dance
  2964 | D:4      | Found a sparkling altar of Nemelex Xobeh.
  3458 | D:4      | Found a radiant altar of Vehumet.
  3458 | D:4      | Found a burning altar of Makhleb.
  3638 | D:5      | Entered Level 5 of the Dungeon
  3696 | D:5      | Reached skill level 8 in Hexes
  3783 | D:5      | Found a blossoming altar of Fedhas.
  3799 | D:5      | Reached XP level 8. HP: 57/57 MP: 6/13
  3831 | D:5      | Found a glowing golden altar of the Shining One.
  3839 | D:5      | Found Neganaco's Needful Niceties.
  3979 | D:5      | Found a deep blue altar of Sif Muna.
  4357 | D:5      | Reached skill level 5 in Dodging
  4429 | D:6      | Found a sacrificial altar of Ru.
  4434 | D:6      | Reached skill level 9 in Hexes
  4507 | D:6      | Became a worshipper of Ru the Awakened
  4555 | D:6      | Gained mutation: Your body sometimes deteriorates upon taking damage. [potion of mutation]
  4555 | D:6      | Gained mutation: You evolve. [potion of mutation]
  4555 | D:6      | Gained mutation: You are surrounded by a mild repulsion field (EV +2). [potion of mutation]
  4584 | D:6      | Found a staircase to the Ecumenical Temple.
  5381 | D:7      | Gained mutation: You cannot study or use magical devices. [Ru sacrifice]
  5381 | D:7      | Reached * piety under Ru
  5381 | D:7      | Reached ** piety under Ru
  5381 | D:7      | Reached *** piety under Ru
  5424 | D:7      | Found Syqevoj's Book Boutique.
  5447 | D:7      | Reached XP level 9. HP: 65/65 MP: 10/15
  5563 | D:7      | Reached skill level 5 in Short Blades
  6128 | D:7      | Reached skill level 10 in Hexes
  6227 | D:8      | Noticed Prince Ribbit
  6317 | D:8      | Killed Prince Ribbit
  6551 | D:8      | Reached skill level 5 in Spellcasting
  6712 | D:8      | Got a wavering gossamer ring
  6714 | D:8      | Identified the ring "Juhar" {rElec MR+++ Str-5 Int-3 Stlth+} (You found it on level 8 of the Dungeon)
  6847 | D:8      | Gained mutation: You possess an exceptional clarity of mind. [potion of mutation]
  6847 | D:8      | Gained mutation: You rapidly evolve. [potion of mutation]
  7058 | D:8      | Reached skill level 11 in Hexes
  7168 | D:8      | Reached XP level 10. HP: 31/73 MP: 5/18
  7333 | D:9      | Reached skill level 5 in Fighting
  7335 | D:9      | Found a snail-covered altar of Cheibriados.
  7399 | D:9      | Noticed a griffon
  7417 | D:9      | Killed a griffon
  7518 | D:9      | Gained mutation: You are somewhat inexperienced (-2 XL). [Ru sacrifice]
  7518 | D:9      | Reached XP level 9. HP: 68/68 MP: 15/17
  7518 | D:9      | Reached XP level 8. HP: 62/62 MP: 15/16
  7518 | D:9      | Reached **** piety under Ru
  7546 | D:9      | Found a shattered altar of Ashenzari.
  7683 | D:9      | Reached skill level 12 in Hexes
  7806 | D:9      | Got a faintly glowing scale mail
  8014 | D:9      | Identified the +5 scale mail of Zyguojygu {rElec Str+4 Stlth+} (You found it on level 9 of the Dungeon)
  8032 | D:9      | Reached skill level 10 in Stealth
  8072 | D:10     | Entered Level 10 of the Dungeon
  8148 | D:10     | Reached XP level 9. HP: 64/68 MP: 3/17
  8514 | D:10     | Noticed a hill giant
  8531 | D:10     | Killed a hill giant
  8573 | D:10     | Noticed a troll
  8588 | D:10     | Killed a troll
  8588 | D:10     | Reached skill level 13 in Hexes
  8589 | D:10     | Gained mutation: You are hated by all. [Ru sacrifice]
  8589 | D:10     | Reached ***** piety under Ru
  8593 | D:10     | Reached XP level 10. HP: 73/76 MP: 7/19
  8736 | D:10     | Noticed a hill giant
  8851 | D:10     | Noticed a hill giant
  8860 | D:10     | Killed a hill giant
  8877 | D:10     | Found a staircase to the Lair.
  9048 | D:10     | Gained mutation: You are partially covered in rugged brown scales (AC +1, +3% HP). [evolution]
  9227 | D:11     | Found a staircase to the Orcish Mines.
  9432 | D:11     | Noticed a cyan ugly thing
  9434 | D:11     | Noticed a brown ugly thing
  9434 | D:11     | Noticed a hill giant
  9445 | D:11     | Killed a hill giant
  9457 | D:11     | Killed a brown ugly thing
  9486 | D:11     | Killed a cyan ugly thing
 10062 | D:12     | Noticed Azrael
 10474 | D:12     | Reached XP level 11. HP: 84/84 MP: 15/20
 10622 | D:12     | Noticed Nessos
 10637 | D:12     | Killed Nessos
 10637 | D:12     | Reached skill level 14 in Hexes
 10713 | D:12     | Gained mutation: Potions and wands are less effective at restoring your health. [Ru sacrifice]
 10720 | D:12     | Noticed a fire dragon
 10732 | D:12     | Killed a fire dragon
 10772 | D:12     | Noticed Maurice
 10812 | D:12     | Killed Maurice
 10847 | D:12     | Noticed Kirke
 10905 | D:12     | Killed Kirke
 11229 | D:13     | Gained mutation: You can translocate small distances at will. [evolution]
 11267 | D:13     | Noticed a centaur warrior
 11280 | D:13     | Killed a centaur warrior
 11344 | D:13     | Noticed a hill giant
 11347 | D:13     | Killed a hill giant
 11370 | D:13     | Reached skill level 15 in Hexes
 11465 | D:13     | Noticed a griffon
 11469 | D:13     | Killed a griffon
 11469 | D:13     | Reached XP level 12. HP: 93/93 MP: 21/23
 11470 | D:13     | Noticed a centaur warrior
 11477 | D:13     | Killed a centaur warrior
 12271 | D:13     | Gained mutation: Your spells are a little harder to cast, but a little more powerful. [evolution]
 12387 | D:14     | Found a gate to the Vaults.
 12447 | D:14     | Noticed a five-headed hydra
 12451 | D:14     | Killed a five-headed hydra
 12696 | D:14     | Reached skill level 16 in Hexes
 13030 | D:14     | Found a shadowy altar of Dithmenos.
 13137 | D:14     | Noticed a death knight
 13299 | D:14     | Reached XP level 13. HP: 98/100 MP: 16/25
 13380 | D:14     | Reached skill level 10 in Dodging
 13643 | D:14     | Lost mutation: Your body sometimes deteriorates upon taking damage. [evolution]
 13733 | D:15     | Entered Level 15 of the Dungeon
 13798 | D:15     | Reached skill level 10 in Short Blades
 14026 | D:15     | Noticed Agnes
 14044 | D:15     | Killed Agnes
 14177 | D:15     | Reached skill level 17 in Hexes
 14776 | D:12     | Gained mutation: Your mind is acute. (Int +2) [evolution]
 14877 | Lair:1   | Entered Level 1 of the Lair of Beasts
 15087 | Lair:1   | Gained mutation: You cannot train Armour skill. [Ru sacrifice]
 15087 | Lair:1   | Reached ****** piety under Ru
 15796 | Lair:2   | Found a labyrinth entrance.
 15806 | Lab      | Entered a labyrinth
 16268 | Lab      | Noticed a minotaur
 16273 | Lab      | Killed a minotaur
 16281 | Lab      | Got a polished short sword
 16296 | Lair:2   | Identified the +7 short sword of Destruction {pierce, rF++ MP+9 Int+2 Dex-5} (You found it in a labyrinth)
 16577 | Lair:2   | Reached XP level 14. HP: 109/109 MP: 20/26
 16628 | Lair:2   | Learned a level 2 spell: Repel Missiles
 16634 | Lair:2   | Noticed Nergalle
 17211 | Lair:3   | Found a staircase to the Swamp.
 17813 | Lair:2   | Reached skill level 15 in Stealth
 17813 | Lair:2   | Reached skill level 18 in Hexes
 18717 | Lair:4   | Noticed Snorg
 18736 | Lair:4   | Killed Snorg
 18778 | Lair:4   | Noticed Harold
 18801 | Lair:4   | Killed Harold
 18955 | Lair:4   | Gained mutation: Your mind is very acute. (Int +4) [potion of beneficial mutation]
 19714 | Lair:5   | Found a hole to the Spider Nest.
 20596 | Lair:6   | Found a staircase to the Slime Pits.
 20597 | Lair:6   | Found a viscous altar of Jiyva.
 20678 | Lair:6   | Reached skill level 19 in Hexes
 20899 | Lair:6   | Gained mutation: You have a pair of small horns on your head. [evolution]
 21453 | Lair:7   | Reached XP level 15. HP: 102/117 MP: 21/28
 22077 | Lair:8   | Entered Level 8 of the Lair of Beasts
 22260 | Lair:8   | Reached skill level 10 in Spellcasting
 22642 | Lair:8   | Reached skill level 10 in Fighting
 23214 | D:7      | Bought a book of Burglary for 1125 gold pieces
 23222 | D:7      | Learned a level 6 spell: Darkness
 23229 | D:7      | Learned a level 6 spell: Invisibility
 23234 | D:7      | Learned a level 4 spell: Passage of Golubria
 23356 | Orc:1    | Entered Level 1 of the Orcish Mines
 23562 | Orc:2    | Entered Level 2 of the Orcish Mines
 23759 | Orc:2    | Found a staircase to the Elven Halls.
 24054 | Orc:2    | Gained mutation: You are partially covered in rough black scales (AC +4, Dex -1). [evolution]
 24076 | Orc:2    | Learned a level 3 spell: Regeneration
 24081 | Orc:2    | Learned a level 1 spell: Apportation
 24240 | Orc:2    | Reached skill level 1 in Charms
 24298 | Orc:2    | Found Doraxur's Food Emporium.
 24298 | Orc:2    | Found Zuela's Antique Weapon Shop.
 24317 | Orc:2    | Found Webeg's Antique Weapon Shop.
 24317 | Orc:2    | Found Wemaf's Gadget Emporium.
 25186 | Swamp:1  | Entered Level 1 of the Swamp
 25186 | Swamp:1  | Noticed Frances
 25383 | Swamp:1  | Killed Frances
 25466 | Swamp:1  | Reached skill level 1 in Translocations
 25641 | Swamp:1  | Noticed Aizul
 25648 | Swamp:1  | Killed Aizul
 25784 | Swamp:1  | Reached skill level 20 in Hexes
 26508 | Swamp:2  | You fall through a shaft!
 26510 | Swamp:3  | Got a wavering granite ring
 26511 | Swamp:3  | Identified the ring of Tetraeh {*Tele rF++ rC++ Str-2} (You found it on level 3 of the Swamp)
 26541 | Swamp:3  | Reached XP level 16. HP: 126/126 MP: 18/30
 26752 | Swamp:3  | Noticed Roxanne
 26905 | Swamp:3  | Noticed Louise
 26919 | Swamp:3  | Killed Louise
 27729 | Swamp:4  | Entered Level 4 of the Swamp
 27787 | Swamp:4  | Reached skill level 1 in Throwing
 27841 | Swamp:4  | Noticed a thorn hunter
 27870 | Swamp:4  | Noticed the 27-headed Lernaean hydra
 28085 | Swamp:4  | Gained mutation: You are agile. (Dex +2) [evolution]
 28168 | Swamp:4  | Killed a thorn hunter
 28521 | Swamp:4  | Killed the 27-headed Lernaean hydra
 28526 | Swamp:4  | Got a decaying rune of Zot
 28684 | Spider:1 | Entered Level 1 of the Spider Nest
 28867 | Spider:1 | Reached skill level 5 in Charms
 29017 | Spider:1 | Reached skill level 21 in Hexes
 29775 | Spider:1 | Reached XP level 17. HP: 133/133 MP: 21/32
 30642 | Spider:2 | Gained mutation: You are very agile. (Dex +4) [evolution]
 30642 | Spider:2 | Lost mutation: You rapidly evolve. [end of evolution]
 31398 | Spider:4 | Entered Level 4 of the Spider Nest
 31490 | Spider:4 | Found a frozen archway.
 31521 | IceCv    | Entered an ice cave
 31526 | IceCv    | Noticed Ijustatesigmund's ghost (journeyman MiFi)
 31648 | IceCv    | Killed Ijustatesigmund's ghost
 32111 | IceCv    | Noticed an Ice Fiend
 32132 | IceCv    | Killed an Ice Fiend
 32200 | IceCv    | Got a shimmering ring mail
 32202 | IceCv    | Got a distressingly furry ring mail
 32204 | IceCv    | Identified the cursed +0 ring mail of the Moon {rPois Regen+} (You found it in an ice cave)
 32205 | IceCv    | Identified the +2 ring mail of Wesm {+Fly Regen+ MP+9} (You found it in an ice cave)
 33684 | Spider:4 | Gained mutation: You rapidly evolve. [evolution]
 33715 | Spider:4 | Got a gossamer rune of Zot
 34058 | Vaults:1 | Entered Level 1 of the Vaults
 34286 | Vaults:1 | Reached XP level 18. HP: 134/142 MP: 10/33
 34297 | Vaults:1 | Reached skill level 22 in Hexes
 34961 | Vaults:1 | Reached skill level 5 in Translocations
 35583 | Vaults:1 | Gained mutation: You are robust (+10% HP). [evolution]
 36349 | Vaults:2 | Found a flickering gateway to a bazaar.
 36355 | Bazaar   | Entered a bazaar
 36355 | Bazaar   | Found Rewamm's Antique Weapon Shoppe.
 36355 | Bazaar   | Found Ypseufebb's Assorted Antiques.
 36359 | Bazaar   | Found Kantef's Weapon Emporium.
 36370 | Bazaar   | Found Xocyexkujur's Armour Shoppe.
 36378 | Bazaar   | Bought the +2 pair of boots of the Assassin {DetectMon Stab+ Stlth++} for 298 gold pieces
 36398 | Bazaar   | Bought the +2 cloak of Failure {MP+9} for 236 gold pieces
 36419 | Bazaar   | Bought a scroll of identify for 72 gold pieces
 36419 | Bazaar   | Bought a potion of might for 144 gold pieces
 36676 | Vaults:2 | Noticed Boris
 37110 | Vaults:2 | Reached XP level 19. HP: 124/164 MP: 35/35
 37480 | Vaults:2 | Found a staircase to the Crypt.
 37491 | Vaults:2 | Reached skill level 1 in Long Blades
 37525 | Vaults:2 | Reached skill level 5 in Throwing
 37557 | Vaults:2 | Lost mutation: You are robust (+10% HP). [evolution]
 38238 | Vaults:2 | Reached skill level 1 in Shields
 38518 | Vaults:2 | Killed Boris
 39141 | Vaults:3 | Reached skill level 5 in Long Blades
 39228 | Vaults:3 | Found an oddly glowing altar of Pakellas.
 39343 | Vaults:3 | Reached skill level 5 in Shields
 39703 | Vaults:3 | Reached XP level 20. HP: 155/158 MP: 36/36
 39925 | Vaults:4 | Found Xikk's Antique Armour Shoppe.
 40024 | Vaults:4 | Reached skill level 23 in Hexes
 40112 | Vaults:4 | Found Ygrunt's Antique Armour Shoppe.
 40512 | Vaults:4 | Reached skill level 15 in Dodging
 40756 | Vaults:4 | Reached skill level 1 in Necromancy
 40777 | Vaults:4 | Found Tialoal's Food Shop.
 40950 | Vaults:4 | Found Zuen's Antique Weapon Boutique.
 40963 | Vaults:4 | Bought an ivory dagger for 280 gold pieces
 40963 | Vaults:4 | Bought a dazzling dagger for 280 gold pieces
 40964 | Vaults:4 | Identified the +5 dagger "Lepeomef" {vamp, Int+7} (You bought it in a shop on level 4 of the Vaults)
 40965 | Vaults:4 | Identified the +4 dagger of Abuse {flame, rPois} (You bought it in a shop on level 4 of the Vaults)
 41364 | D:14     | Lost mutation: You rapidly evolve. [evolution]
 41501 | Elf:1    | Entered Level 1 of the Elven Halls
 41645 | Elf:1    | Identified Sif Muna's Papyrus of Creation (You found it on level 1 of the Elven Halls)
 41716 | Elf:1    | Noticed Zebura's ghost (journeyman CeAr)
 41732 | Elf:1    | Killed Zebura's ghost
 41786 | Elf:1    | Found a deep blue altar of Sif Muna.
 42298 | Elf:1    | Learned a level 2 spell: Passwall
 42893 | Elf:2    | Found a huge runed gate.
 42893 | Elf:2    | Found a huge runed gate.
 42893 | Elf:2    | Found a huge runed gate.
 42893 | Elf:2    | Found a huge runed gate.
 42894 | Elf:2    | Found a huge runed gate.
 43224 | Elf:3    | Entered Level 3 of the Elven Halls
 43324 | Elf:3    | Found Jidis's Assorted Antiques.
 43328 | Elf:3    | Bought a scroll of blinking for 277 gold pieces
 43328 | Elf:3    | Bought a scroll of blinking for 277 gold pieces
 43793 | Elf:3    | Noticed jacquesderrida's ghost (adept DsSk)
 43806 | Elf:3    | Killed jacquesderrida's ghost
 43806 | Elf:3    | Reached XP level 21. HP: 161/166 MP: 39/39
 44139 | Elf:3    | HP: 4/166 [deep elf elementalist/fireball (41)]
 44140 | Elf:3    | HP: 1/166 [deep elf high priest/divine providence (14)]
 44148 | Elf:3    | HP: 2/166 [deep elf high priest/a malign offering (10)]
 44458 | Elf:3    | Learned a level 8 spell: Discord
 44465 | Elf:3    | Learned a level 6 spell: Haste
 44474 | Elf:3    | Learned a level 6 spell: Deflect Missiles
 45135 | Depths:1 | Entered Level 1 of the Depths
 45389 | Depths:1 | Found a gateway to Hell.
 45418 | Depths:1 | Found a one-way gate to the infinite horrors of the Abyss.
 45714 | Depths:1 | Found a basalt altar of Yredelemnul.
 45720 | Depths:1 | Noticed a profane servitor
 45753 | Depths:1 | Killed a profane servitor
 45753 | Depths:1 | Reached skill level 10 in Long Blades
 46087 | Depths:2 | Noticed Norris
 46096 | Depths:2 | Killed Norris
 46096 | Depths:2 | Reached skill level 1 in Air Magic
 46278 | Depths:2 | Noticed the Enchantress
 46297 | Depths:2 | Killed the Enchantress
 46301 | Depths:2 | Got a faerie dragon armour
 46352 | Depths:2 | Identified the +8 faerie dragon armour {Str+4} (You took it off the Enchantress on level 2 of the Depths)
 46578 | Depths:3 | Reached XP level 22. HP: 175/175 MP: 40/40
 46640 | Depths:3 | Reached skill level 15 in Spellcasting
 46831 | Depths:3 | Noticed a juggernaut
 46844 | Depths:3 | Killed a juggernaut
 46844 | Depths:3 | Reached skill level 24 in Hexes
 46948 | Depths:3 | Noticed a golden dragon
 46979 | Depths:3 | Killed a golden dragon
 46979 | Depths:3 | Reached skill level 10 in Charms
 47449 | Depths:3 | Found a one-way gate leading to the halls of Pandemonium.
 47779 | Depths:3 | Learned a level 4 spell: Fulminant Prism
 48317 | Depths:4 | Reached skill level 5 in Air Magic
 48328 | Depths:4 | Noticed a caustic shrike
 48334 | Depths:4 | Killed a caustic shrike
 48334 | Depths:4 | Reached XP level 23. HP: 182/182 MP: 42/42
 48634 | Depths:4 | Found a gateway to a ziggurat.
 48894 | Depths:4 | Gained mutation: Your movements are slightly less encumbered by armour (ER -2). [evolution]
 49137 | Depths:5 | Entered Level 5 of the Depths
 49165 | Depths:5 | Found a gate to the Realm of Zot.
 49733 | Depths:5 | Noticed Saint Roka
 49752 | Depths:5 | Killed Saint Roka
 49823 | Depths:5 | Noticed a juggernaut
 49830 | Depths:5 | Killed a juggernaut
 50460 | Vaults:5 | Entered Level 5 of the Vaults
 50474 | Vaults:5 | Noticed dvd's ghost (master OgHu)
 50754 | Vaults:5 | Gained mutation: Your magical capacity is low (-10% MP). [mutagenic glow]
 50774 | Vaults:5 | Identified the Catalogue of the Peculiar Dances
 50852 | Vaults:5 | Reached XP level 24. HP: 177/191 MP: 39/39
 51126 | Vaults:5 | Learned a level 2 spell: Shroud of Golubria
 51129 | Vaults:5 | Learned a level 2 spell: Song of Slaying
 51452 | Vaults:5 | Killed dvd's ghost
 51694 | Vaults:5 | Got a slimy pewter amulet
 51708 | Vaults:5 | Identified the amulet of the Establishment {Inacc +Blink} (You found it on level 5 of the Vaults)
 51944 | Vaults:5 | Got a silver rune of Zot
 52403 | Zot:1    | Entered Level 1 of the Realm of Zot
 52601 | Zot:1    | Noticed an orb of fire
 52606 | Zot:1    | Gained mutation: You occasionally shout uncontrollably at your foes. [an orb of fire]
 52805 | Zot:1    | Noticed an orb of fire
 53963 | Zot:4    | Reached XP level 25. HP: 186/198 MP: 41/41
 53974 | Zot:4    | Reached skill level 15 in Fighting
 54069 | Zot:4    | Noticed an orb of fire
 54192 | Zot:4    | Reached skill level 15 in Long Blades
 54218 | Zot:4    | Noticed an orb of fire
 54226 | Zot:4    | Lost mutation: You are very agile. (Dex +4) [an orb of fire]
 54228 | Zot:4    | Lost mutation: Your spells are a little harder to cast, but a little more powerful. [an orb of fire]
 54254 | Zot:4    | Killed an orb of fire
 54255 | Zot:4    | Gained mutation: You are weak. (Str -2) [an orb of fire]
 54257 | Zot:4    | Gained mutation: Armour fits poorly on your strangely shaped body. [an orb of fire]
 54262 | Zot:4    | Killed an orb of fire
 54530 | Zot:4    | Identified a scroll of acquirement
 54557 | Zot:4    | Got a pair of smoking boots
 54558 | Zot:4    | Identified the +0 pair of boots of the Equinox {rC+ Int-4 Dex+3} (You acquired it on level 4 of the Realm of Zot)
 55489 | Zot:5    | Entered Level 5 of the Realm of Zot
 55502 | Zot:5    | Reached skill level 10 in Air Magic
 55823 | Zot:5    | Noticed an ancient lich
 55824 | Zot:5    | Noticed an orb of fire
 55921 | Zot:5    | Noticed an orb of fire
 55933 | Zot:5    | Gained mutation: You tend to lose your temper in combat. [an orb of fire]
 55969 | Zot:5    | Killed an orb of fire
 55975 | Zot:5    | Noticed an ancient lich
 55988 | Zot:5    | Killed an ancient lich
 56023 | Zot:5    | Noticed an orb of fire
 56043 | Zot:5    | Gained mutation: Your spells are a little easier to cast, but a little less powerful. [an orb of fire]
 56232 | Zot:5    | Killed an orb of fire
 56240 | Zot:5    | Gained mutation: You expend magic power (3 MP) to strengthen your wands. [an orb of fire]
 56273 | Zot:4    | Killed an orb of fire
 56581 | Zot:5    | Noticed an ancient lich
 56597 | Zot:5    | Killed an ancient lich
 56649 | Zot:5    | Noticed an orb of fire
 56649 | Zot:5    | Noticed Charly's ghost (adept DDBe)
 56694 | Zot:5    | Killed an orb of fire
 56699 | Zot:5    | Noticed an orb of fire
 56717 | Zot:5    | Got the Orb of Zot
 56976 | D:15     | Noticed Dygh the pandemonium lord
 56976 | D:15     | Noticed an ancient lich
 57217 | D:$      | Escaped with the Orb!

Skill      XL: |  1  2  3  4  5  6  7  8  9 10 11 12 13 14 15 16 17 18 19 20 21 22 23 24 25 |
---------------+----------------------------------------------------------------------------+-----
Hexes          | 5 6 7 8 12 13 15 16 17 19 20 21 22 23 24 | 24.1
Stealth        | 5 6 10 9 11 12 13 14 15 16 17 18 19 20 21 22 | 22.0
Short Blades   | 2 3 4 7 8 9 10 11 12 13 | 13.9
Fighting       | 1 2 3 4 6 7 8 9 10 11 12 13 14 15 | 15.7
Dodging        | 3 4 7 6 8 9 10 11 12 13 14 15 16 17 18 | 18.6
Spellcasting   | 3 4 6 7 8 9 10 11 12 14 15 17 19 20 | 20.0
Charms         | 2 5 6 8 9 10 11 12 13 | 13.7
Translocations | 1 3 4 5 |  5.8
Throwing       | 2 3 4 5 |  5.1
Long Blades    | 6 8 10 12 13 14 16 | 16.7
Shields        | 5 |  5.2
Necromancy     | 3 4 |  4.1
Air Magic      | 2 5 7 9 10 | 10.8

Action                   |  1- 3 |  4- 6 |  7- 9 | 10-12 | 13-15 | 16-18 | 19-21 | 22-24 | 25-27 || total
-------------------------+-------+-------+-------+-------+-------+-------+-------+-------+-------++-------
Melee: Dagger            |   150 |   147 |   599 |   805 |  1405 |  1265 |       |       |       ||  4371
       Bite              |     8 |     5 |    60 |   112 |   191 |   187 |   217 |   264 |    85 ||  1129
       Long sword        |       |       |     9 |       |    26 |       |       |       |       ||    35
       Short sword       |       |       |       |     8 |    79 |   172 |       |       |       ||   259
       Demon blade       |       |       |       |       |   133 |   169 |  1484 |  1407 |   581 ||  3774
       Headbutt          |       |       |       |       |   118 |   320 |   320 |   390 |   138 ||  1286
       Unarmed           |       |       |       |       |       |     4 |       |       |       ||     4
 Fire: Blowgun           |       |       |       |       |     2 |       |       |       |       ||     2
Throw: Throwing net      |       |       |       |       |       |     7 |     1 |     3 |       ||    11
 Cast: Corona            |     1 |       |       |       |       |       |       |       |       ||     1
       Ensorcelled Hiber |     5 |     8 |    81 |    76 |   190 |   289 |    34 |    20 |       ||   703
       Confuse           |       |    11 |    39 |    75 |    83 |   105 |    22 |    48 |    13 ||   396
       Dazzling Spray    |       |       |    10 |    19 |    74 |    87 |    77 |    65 |    13 ||   345
       Tukima's Dance    |       |       |     6 |     2 |       |       |       |       |       ||     8
       Repel Missiles    |       |       |       |       |     3 |     1 |     5 |       |       ||     9
       Regeneration      |       |       |       |       |     1 |    14 |    18 |     7 |    16 ||    56
       Invisibility      |       |       |       |       |     1 |    10 |    10 |     8 |     5 ||    34
       Darkness          |       |       |       |       |     1 |       |     3 |       |       ||     4
       Apportation       |       |       |       |       |       |     2 |       |       |       ||     2
       Haste             |       |       |       |       |       |       |     1 |     5 |     3 ||     9
       Passwall          |       |       |       |       |       |       |     1 |     2 |     7 ||    10
       Fulminant Prism   |       |       |       |       |       |       |       |    11 |       ||    11
       Discord           |       |       |       |       |       |       |       |     9 |     5 ||    14
       Deflect Missiles  |       |       |       |       |       |       |       |     3 |     6 ||     9
       Passage of Golubr |       |       |       |       |       |       |       |     2 |    18 ||    20
       Shroud of Golubri |       |       |       |       |       |       |       |       |     1 ||     1
       Song of Slaying   |       |       |       |       |       |       |       |       |     1 ||     1
Invok: Power Leap        |       |       |     1 |     1 |     2 |     5 |     3 |       |       ||    12
       Sacrifice Artific |       |       |     1 |       |       |       |       |       |       ||     1
       Sacrifice Experie |       |       |     1 |       |       |       |       |       |       ||     1
       Sacrifice Love    |       |       |     1 |       |       |       |       |       |       ||     1
       Sacrifice Purity  |       |       |       |     1 |       |       |       |       |       ||     1
       Reject Sacrifices |       |       |       |     1 |       |       |       |       |       ||     1
       Sacrifice Durabil |       |       |       |       |     1 |       |       |       |       ||     1
       Draw Out Power    |       |       |       |       |       |     1 |       |     1 |     1 ||     3
       Apocalypse        |       |       |       |       |       |       |     1 |     1 |     1 ||     3
 Abil: End Transformatio |       |       |       |       |       |     2 |       |       |       ||     2
       Bat Form          |       |       |       |       |       |     2 |       |       |       ||     2
       Blink             |       |       |       |       |       |       |     1 |     1 |       ||     2
  Use: Potion            |       |     1 |     2 |       |     6 |     4 |     8 |     9 |    28 ||    58
       Scroll            |       |       |    27 |     3 |    12 |    17 |    13 |     8 |    17 ||    97
 Stab: Sleeping          |    13 |    17 |    72 |    66 |   204 |   224 |   148 |    70 |    25 ||   839
       Confused          |       |     7 |    20 |    66 |    55 |    59 |    13 |    32 |     2 ||   254
       Distracted        |       |     1 |     5 |     3 |    12 |    13 |    26 |    26 |     9 ||    95
       Invisible         |       |       |     5 |     9 |    58 |   133 |    74 |    53 |    14 ||   346
       Paralysed         |       |       |       |     2 |     8 |     5 |    11 |     3 |       ||    29
       Held in net/web   |       |       |       |       |       |     2 |     1 |       |       ||     3
  Eat: Corpse            |    11 |     9 |    31 |    23 |    50 |     4 |     4 |     3 |     1 ||   136
Armor: Robe              |    29 |    61 |       |       |       |       |       |       |       ||    90
       Troll leather arm |       |       |    58 |    75 |   107 |   163 |   139 |       |       ||   542
       Chain mail        |       |       |       |       |     6 |       |       |       |       ||     6
       Skin              |       |       |       |       |     1 |       |       |       |       ||     1
       Mottled dragon ar |       |       |       |       |       |       |     2 |   270 |    74 ||   346
Dodge: Dodged            |   118 |   144 |   373 |   541 |  1053 |  1504 |  1047 |  1029 |   345 ||  6154
       Deflected         |       |       |       |       |     5 |     9 |    19 |    15 |    19 ||    67
Block: Buckler           |       |       |       |       |       |       |   297 |   300 |   150 ||   747
